 Dungeon Crawl Stone Soup version 0.30-a0-371-gad7725a93e (webtiles) character file.

Game seed: 829172630286635643

413 ders the Trooper (level 6, -7/57 HPs)
             Began as a Minotaur Fighter on Nov 22, 2022.
             Was an Initiate of Okawaru.
             Mangled by an ogre
             ... wielding a +0 giant spiked club
              (26 damage)
             ... on level 5 of the Dungeon.
             The game lasted 00:04:18 (3168 turns).

ders the Trooper (Minotaur Fighter)                 Turns: 3168, Time: 00:04:18

Health: -7/57      AC: 10    Str: 22    XL:     6   Next: 59%
Magic:  5/5        EV:  9    Int:  5    God:    Okawaru [......]
Gold:   168        SH:  4    Dex: 10    Spells: 5/5 levels left

rFire   . . .      SeeInvis .    a - +0 war axe
rCold   . . .      Faith    .    c - +0 buckler
rNeg    . . .      Spirit   .    b - +0 scale mail
rPois   +          Reflect  .    (helmet restricted)
rElec   .          Harm     .    t - +2 cloak {rPois}
rCorr   .          Rampage  .    (no gloves)
Will    .....                    (no boots)
Stlth   ..........               (no amulet)
HPRegen 0.29/turn                (no ring)
MPRegen 0.09/turn                (no ring)

@: about to teleport
A: horns 2, retaliatory headbutt
a: Renounce Religion


You were on level 5 of the Dungeon.
You worshipped Okawaru.
Okawaru was noncommittal.
You visited 2 branches of the dungeon, and saw 6 of its levels.

You collected 168 gold pieces.

Inventory:

Hand Weapons
 a - a +0 war axe (weapon)
Armour
 b - a +0 scale mail (worn)
 c - a +0 buckler (worn)
 t - a +2 cloak of poison resistance (worn)
Jewellery
 k - a ring of positive energy
Scrolls
 e - a scroll of fog {unknown}
 f - a scroll of noise {unknown}
 g - 3 scrolls of teleportation
 h - 4 scrolls of identify {unknown}
 l - a scroll of amnesia {unknown}
 p - a scroll of vulnerability {unknown}
 q - a scroll of poison {unknown}
Potions
 d - a potion of might
 i - a potion of flight {unknown}
 j - a potion of resistance {unknown}
 m - a potion of attraction {unknown}
 n - a potion of heal wounds {unknown}
 o - a potion of curing {unknown}
 r - a potion of brilliance {unknown}
 s - a potion of mutation {unknown}


   Skills:
 * Level 6.0 Fighting
 * Level 5.3 Axes
 + Level 4.9 Armour
 + Level 4.9 Shields


You had 5 spell levels left.
You didn't know any spells.
Your spell library contained the following spells:

 Spells                   Type           Power      Damage    Failure   Level
 Apportation              Tloc           0%         N/A       86%         1
 Necrotise                Necr           0%         1d4       86%         1
 Slow                     Hex            0%         N/A       86%         1
 Confusing Touch          Hex            0%         N/A       99%         3
 Gell's Gravitas          Tloc           0%         N/A       99%         3
 Ozocubu's Armour         Ice            0%         N/A       99%         3
 Teleport Other           Tloc           0%         N/A       99%         3
 Vampiric Draining        Necr           0%         2d6       99%         3
 Airstrike                Air            0%         2d(0-16)  100%        4
 Leda's Liquefaction      Hex/Erth       0%         N/A       100%        4
 Lee's Rapid Deconstruct  Erth           0%         3d4*      100%        5
 Lightning Bolt           Conj/Air       0%         1d11      100%        5
 Dispersal                Tloc           0%         N/A       100%        6
 Statue Form              Tmut/Erth      0%         N/A       100%        6
 Ozocubu's Refrigeration  Ice            0%         4d7       100%        7
 Summon Small Mammal      Summ           Unusable   N/A       N/A         1
 Call Canine Familiar     Summ           Unusable   N/A       N/A         3
 Summon Guardian Golem    Hex/Summ       Unusable   N/A       N/A         3
 Summon Lightning Spire   Summ/Air       Unusable   N/A       N/A         4

Dungeon Overview and Level Annotations

Branches:
Dungeon (5/15)             Temple (1/1) D:4

Altars:
Ashenzari
Cheibriados
Dithmenos
Elyvilon
Gozag
Hepliaklqana
Nemelex Xobeh
Okawaru
Ru
Vehumet
Zin
The Shining One
Lugonu

Shops:
D:3 [


Innate Abilities, Weirdness & Mutations

You have a pair of horns on your head.
You reflexively headbutt those who attack you in melee.


Message History

Go to which altar? (? - help)
There is an iron altar of Okawaru here.
Unknown command.
Press < or > to pray at altars.
Unknown command.
Press < or > to pray at altars.
You kneel at the altar of Okawaru.
Okawaru welcomes you!
There is a stone staircase leading down here.
You climb downwards.
There is a stone staircase leading up here.
Found a hazy altar of Hepliaklqana.
The adder hisses angrily.
An adder is nearby!
An adder is nearby!
No reachable target in view!
No reachable target in view!
Found a long sword.
Found a long sword.
An ogre comes into view. It is wielding a +0 giant spiked club.
The ogre shouts!
A worm comes into view.
You see here a scarf of resistance.
A black bear comes into view.
The black bear growls angrily.
The ogre hits you with a +0 giant spiked club!
You slash the ogre!
The ogre is moderately wounded.
You hit the worm.
The ogre hits you with a +0 giant spiked club!
The worm closely misses you.
You barely miss the ogre.
The ogre is moderately wounded.
You barely miss the worm. You block the ogre's attack. The worm bites you!
As you read the scroll of teleportation, it crumbles to dust.
You feel strangely unstable. The adder bites you.
The adder bites you but does no damage. The ogre attacks as you move away!
The ogre hits you with a +0 giant spiked club!!
You die...

#.# # #######.# ...
........####...
#######........
###########.≈≈≈≈≈≈≈
.......#....≈......
.......#....≈.≈≈≈≈≈
......w.....≈.≈...≈
.....)O@.[..≈.≈._.≈
......h.S...≈.≈...≈
............§.≈.≈≈≈
............≈......
........##..≈)≈≈≈≈≈
........##.........
........###..###.##
........# #.## ..


You could see a black bear, an ogre, a worm and an adder.

Vanquished Creatures
  An ogre (D:4)
  A phantom (D:4)
  Crazy Yiuf (D:4)
  A jelly (D:4)
  An iguana (D:3)
  An orc wizard (D:4)
  3 adders (D:2)
  An ufetubus (D:2)
  4 worms
  3 dart slugs
  10 orcs (D:4)
  7 ball pythons
  2 bats (D:1)
  8 endoplasms
  4 giant cockroaches
  5 goblins
  9 hobgoblins
  2 jackals (D:1)
  6 kobolds
  6 quokkas
  5 frilled lizards
  2 rats (D:2)
83 creatures vanquished.

Vanquished Creatures (others)
  7 plants (D:5)
7 creatures vanquished.

Grand Total: 90 creatures vanquished

Notes
Turn   | Place    | Note
-------+----------+-------------------------------------------
     0 | D:1      | ders the Minotaur Fighter began the quest for the Orb.
     0 | D:1      | Reached XP level 1. HP: 19/19 MP: 0/0
   107 | D:1      | Reached XP level 2. HP: 25/27 MP: 1/1
   143 | D:1      | Reached skill level 4 in Fighting
   483 | D:2      | Reached XP level 3. HP: 33/33 MP: 2/2
   824 | D:2      | Reached XP level 4. HP: 41/41 MP: 3/3
  1393 | D:3      | Found a radiant altar of Vehumet.
  1422 | D:3      | Found Nopsya's Antique Armour Emporium.
  1681 | D:3      | Reached skill level 5 in Fighting
  1778 | D:3      | Found a faded altar of an unknown god.
  2099 | D:3      | Reached XP level 5. HP: 43/48 MP: 4/4
  2265 | D:4      | Noticed a phantom
  2273 | D:4      | Killed a phantom
  2383 | D:4      | Reached XP level 6. HP: 52/56 MP: 5/5
  2438 | D:4      | Found a staircase to the Ecumenical Temple.
  2546 | Temple   | Entered the Ecumenical Temple
  2634 | D:4      | Found a runed translucent door.
  2635 | D:4      | Noticed Crazy Yiuf
  2691 | D:4      | Reached skill level 5 in Axes
  2726 | D:4      | Found a glowing silver altar of Zin.
  2745 | D:4      | Found an iron altar of Okawaru.
  2819 | D:4      | Found a glowing golden altar of the Shining One.
  3028 | D:4      | Killed Crazy Yiuf
  3029 | D:4      | Reached skill level 6 in Fighting
  3101 | D:5      | Entered Level 5 of the Dungeon
  3133 | D:4      | Became a worshipper of Warmaster Okawaru
  3153 | D:5      | Found a hazy altar of Hepliaklqana.
  3168 | D:5      | Mangled by an ogre

Illustrated notes

Levels and vault maps discovered:
D:1:      dpeg_arrival_refuge, layout_rooms
D:2:      layout_loops_ring
D:3:      layout_loops_corners, nicolae_overflow_crystal_walls,
          hellmonk_ecumenical_altar_leap_of_faith, serial_shops,
          nicolae_shop_hallway_stairs, corexii_leaking_fountain,
          kennysheep_generic_room_15
D:4:      layout_rooms, okawaru_gym_becter, zin_academy, kennysheep_little_box,
          temple_doors_e, uniq_crazy_yiuf_cottage
D:5:      layout_basic, nicolae_uskayaw_dance_hall,
          mainiacjoe_overflow_chevrons,
          mainiacjoe_overflow_concentric_impassable,
          mainiacjoe_overflow_alcove_4, nicolae_grassy_gnolls
Temple:   corrupted_temple

Skill      XL: |  1  2  3  4  5  6 |
---------------+-------------------+-----
Fighting       | 4 5 6 |  6.0
Axes           | 3 4 5 |  5.3
Shields        | 4 |  4.9
Armour         | 4 |  4.9

Action                   |  1- 3 |  4- 6 || total
-------------------------+-------+-------++-------
Melee: War axe           |    68 |    91 ||   159
       Headbutt          |     8 |    14 ||    22
  Use: Scroll            |       |     2 ||     2
       Potion            |       |     1 ||     1
Armor: Scale mail        |    28 |    29 ||    57
Dodge: Dodged            |    37 |    45 ||    82
Block: Buckler           |    12 |    14 ||    26

Table legend: (Time is in decaauts)
 A = Elapsed time spent in this place.
 B = Non-inter-level travel time spent in this place.
 C = Inter-level travel time spent in this place.
 D = Time resting spent in this place.
 E = Time spent auto-exploring this place.
 F = Levels seen in this place.
 G = Mean time per level.
                   A        B        C        D        E       F      G
               +--------+--------+--------+--------+--------+-----+--------+
         Total |   3224 |   3028 |    196 |    124 |   2403 |   6 |  537.3 |
       Dungeon |   3182 |   2998 |    184 |    124 |   2382 |   5 |  636.4 |
        Temple |     41 |     29 |     12 |      0 |     21 |   1 |   41.0 |
               +--------+--------+--------+--------+--------+-----+--------+

Top non-repeatable levels by time:
     D:3: 1007 daAuts
     D:4: 892 daAuts
     D:2: 798 daAuts
     D:1: 462 daAuts
  Temple: 41 daAuts
     D:5: 22 daAuts
